 Dungeon Crawl Stone Soup version 0.30-a0-630-g881e3bac89 (webtiles) character file.

Game seed: 18379038818638713737

418 Decipherer the Cudgeller (level 6, 0/40 HPs)
             Began as a Gargoyle Berserker on Jan 13, 2023.
             Was a Believer of Trog.
             Slain by an adder (2 damage)
             ... in the Ecumenical Temple.
             The game lasted 00:04:39 (3014 turns).

Decipherer the Cudgeller (Gargoyle Berserker)       Turns: 3014, Time: 00:04:39

Health: 0/40       AC:  6    Str: 21 (23) XL:     6   Next: 93%
Magic:  6/6        EV: 12    Int:  5 (7)  God:    Trog [**....]
Gold:   199        SH:  0    Dex:  8 (9)  Spells: 5/5 levels left

rFire   + . .      SeeInvis .    a - +0 mace
rCold   . . .      Faith    .    (no shield)
rNeg    + . .      Spirit   .    b - +0 animal skin
rPois   ∞          Reflect  .    (no helmet)
rElec   +          Harm     .    (no cloak)
rCorr   .          Rampage  .    (no gloves)
Will    .....                    (no boots)
Stlth   +                        (no amulet)
HPRegen 0.26/turn                d - ring of protection from fire
MPRegen 0.10/turn                (no ring)

@: no status effects
A: sickness immunity, AC +4, negative energy resistance 1, electricity
resistance, torment resistance 1, petrification resistance
a: Renounce Religion, Berserk, Trog's Hand


You were in the Ecumenical Temple.
You worshipped Trog.
Trog was pleased with you.
You visited 2 branches of the dungeon, and saw 5 of its levels.

You collected 199 gold pieces.

Inventory:

Hand Weapons
 a - a +0 mace (weapon)
Missiles
 e - 11 poisoned darts
 k - 3 silver boomerangs
 o - 3 boomerangs
Armour
 b - a +0 animal skin (worn)
Jewellery
 d - a ring of protection from fire (left hand)
Scrolls
 f - 4 scrolls of identify
 g - 2 scrolls of fog {unknown}
 h - 4 scrolls of amnesia {unknown}
 i - a scroll of vulnerability {unknown}
 l - a scroll of magic mapping {unknown}
 m - a scroll of enchant weapon {unknown}
Potions
 c - 2 potions of curing
 j - a potion of berserk rage


   Skills:
 + Level 5.0 Fighting
 + Level 5.5 Maces & Flails
 + Level 2.3 Armour
 + Level 2.8 Dodging
 + Level 1.7 Stealth


You had 5 spell levels left.
You didn't know any spells.
Your spell library contained the following spells:

 Spells                   Type           Power      Damage    Failure   Level
 Poisonous Vapours        Pois/Air       0%         N/A       63%         2
 Mephitic Cloud           Conj/Pois/Air  0%         N/A       85%         3
 Petrify                  Tmut/Erth      0%         N/A       99%         4
 Irradiate                Conj/Tmut      0%         3d11      100%        5
 Cigotuvi's Dreadful Rot  Necr/Pois/Air  Unusable   N/A       N/A         2
 Sublimation of Blood     Necr           Unusable   N/A       N/A         2

Dungeon Overview and Level Annotations

Branches:
Dungeon (4/15)             Temple (1/1) D:4

Altars:

Annotations:
D:3 1 runed translucent door, M4edhros's ghost, weakling OpAr


Innate Abilities, Weirdness & Mutations

You are immune to sickness and miasma.
Your stone body is resilient. (AC +4)
You are immune to poison.
You resist negative energy. (rN+)
You are resistant to electric shocks. (rElec)
You are resistant to unholy torment.
You are immune to petrification.


Message History

There are monsters nearby!
You are too injured to fight recklessly!
Unknown command.
There are monsters nearby!
You are too injured to fight recklessly!
Unknown command.
There are monsters nearby!
You are too injured to fight recklessly!
Unknown command.
There are monsters nearby!
You are too injured to fight recklessly!
Unknown command.
There are monsters nearby!
You are too injured to fight recklessly!
Unknown command.
There are monsters nearby!
You are too injured to fight recklessly!
Unknown command.
You hit the gnoll.
The gnoll is moderately wounded.
The gnoll hits you with a +0 flail. The adder misses you.
You hit the gnoll.
The gnoll is almost dead.
The adder closely misses you. The gnoll hits you with a +0 flail.
The adder bites you but does no damage. The gnoll misses you.
You barely miss the gnoll.
The gnoll is almost dead.
The adder bites you. The gnoll hits you with a +0 flail!
* * * LOW HITPOINT WARNING * * *
You hit the gnoll.
The gnoll is almost dead.
The adder bites you but does no damage. The gnoll closely misses you.
The adder bites you but does no damage.
You hit the gnoll.
You kill the gnoll!
Trog accepts your kill. The adder bites you.
* * * LOW HITPOINT WARNING * * *
You barely miss the adder. The adder bites you.
You die...

.#. .... #
#.. ... .
.. ... ...
.. ... ..
.. ... ....
.###. ....
...#...#...
#.S...#
#..@..#
#...).#
...#...#...
.... .###.
.... ... ..
.. ... #.
... ... .#
. ... ... #
.#.. ....


You could see an adder.

Vanquished Creatures
  A gnoll sergeant (D:3)
  A scorpion (D:4)
  2 hounds (D:4)
  An orc priest (D:2)
  Jessica (D:2)
  6 gnolls
  6 adders
  A white imp (D:4)
  A worm (D:3)
  A dart slug (D:3)
  7 orcs
  5 ball pythons
  4 endoplasms
  2 giant cockroaches (D:1)
  3 goblins
  3 hobgoblins
  3 quokkas
  4 bats
  3 frilled lizards
  7 kobolds
  3 rats (D:3)
65 creatures vanquished.

Vanquished Creatures (others)
  3 plants (D:2)
3 creatures vanquished.

Grand Total: 68 creatures vanquished

Notes
Turn   | Place    | Note
-------+----------+-------------------------------------------
     0 | D:1      | Decipherer the Gargoyle Berserker began the quest for the
                  | Orb.
     0 | D:1      | Reached XP level 1. HP: 14/14 MP: 1/1
   124 | D:1      | Reached XP level 2. HP: 19/19 MP: 2/2
   671 | D:2      | Reached XP level 3. HP: 23/24 MP: 3/3
   689 | D:2      | Reached XP level 4. HP: 16/29 MP: 4/4
   987 | D:2      | Noticed Jessica
  1019 | D:2      | Killed Jessica
  1597 | D:3      | Reached ** piety under Trog
  1599 | D:3      | Noticed a gnoll sergeant
  1641 | D:3      | Reached XP level 5. HP: 14/34 MP: 5/5
  1649 | D:3      | Reached skill level 1 in Stealth
  2065 | D:3      | Found a runed translucent door.
  2071 | D:3      | Noticed M4edhros's ghost (weakling OpAr)
  2129 | D:3      | Reached skill level 5 in Maces & Flails
  2129 | D:3      | Reached XP level 6. HP: 37/39 MP: 6/6
  2709 | D:4      | Reached skill level 5 in Fighting
  2959 | D:4      | Found a staircase to the Ecumenical Temple.
  3005 | Temple   | Entered the Ecumenical Temple
  3013 | Temple   | HP: 2/40 [adder (3)]
  3014 | Temple   | Slain by an adder

Illustrated notes

Levels and vault maps discovered:
D:1:      matt_arrival_los_fun, layout_basic
D:2:      cheibrodos_pilgrimage, layout_loops_ring, serial_forest,
          infiniplex_forest_straight_2, infiniplex_forest_clump_diagonal,
          infiniplex_forest_straight_2, infiniplex_forest_clump_small,
          infiniplex_forest_corner_1, infiniplex_forest_clump_medium,
          infiniplex_forest_pool, minmay_misc_feat_enclosed, hex_medium,
          kennysheep_generic_room_16, uniq_jessica
D:3:      layout_loops_ring, ebering_ghost_reflecting_pool
D:4:      minmay_chambers_of_fours, layout_basic, minmay_temple_entry_offerings,
          serial_shops, nicolae_shop_window_shopping, uniq_blork_the_orc
Temple:   mainiacjoe_temple_circle_huts

Skill      XL: |  1  2  3  4  5  6 |
---------------+-------------------+-----
Fighting       | 4 5 |  5.0
Dodging        | 2 |  2.8
Maces & Flails | 4 5 |  5.5
Stealth        | 1 |  1.7
Armour         | |  2.3

Action                   |  1- 3 |  4- 6 || total
-------------------------+-------+-------++-------
Melee: Mace              |    42 |   172 ||   214
       Punch             |       |     1 ||     1
Invok: Berserk           |     1 |     2 ||     3
  Use: Potion            |       |     6 ||     6
       Scroll            |       |     2 ||     2
 Stab: Sleeping          |       |     2 ||     2
Armor: Animal skin       |    17 |    50 ||    67
Dodge: Dodged            |    42 |   121 ||   163

Table legend: (Time is in decaauts)
 A = Elapsed time spent in this place.
 B = Non-inter-level travel time spent in this place.
 C = Inter-level travel time spent in this place.
 D = Time resting spent in this place.
 E = Time spent auto-exploring this place.
 F = Levels seen in this place.
 G = Mean time per level.
                   A        B        C        D        E       F      G
               +--------+--------+--------+--------+--------+-----+--------+
         Total |   3075 |   3037 |     38 |      0 |   2472 |   5 |  615.0 |
       Dungeon |   3065 |   3027 |     38 |      0 |   2472 |   4 |  766.2 |
        Temple |      9 |      9 |      0 |      0 |      0 |   1 |    9.0 |
               +--------+--------+--------+--------+--------+-----+--------+

Top non-repeatable levels by time:
     D:3: 1040 daAuts
     D:2: 914 daAuts
     D:1: 665 daAuts
     D:4: 445 daAuts
  Temple: 9 daAuts
